Nashville Predators vs Toronto Maple Leafs
Created - Tuesday, May 2, 2023 at 07:02
Goals
|
| Nashville Predators |
0 |
1 |
0 |
1 |
| Toronto Maple Leafs |
2 |
1 |
0 |
3 |
|
Shots
|
| Nashville Predators |
13 |
13 |
18 |
44 |
| Toronto Maple Leafs |
8 |
15 |
10 |
33 |
|
1st period
1. Toronto Maple Leafs , Mario Ferraro 1 (Troy Terry 20, Brady Tkachuk 28) at 10:10 (PP)
2. Toronto Maple Leafs , Josh Bailey 3 (Adam Henrique 17, Jonas Siegenthaler 11) at 17:55
Penalties :
Kyle Okposo (TOR) for Fighting (Major) at 5:00, Pat Maroon (NSH) for Fighting (Major) at 5:00, Corey Perry (NSH) for Hooking (Minor) at 9:11, Justin Braun (NSH) for Hooking (Minor) at 13:23
2nd period
3. Toronto Maple Leafs , Sam Bennett 14 (Brady Tkachuk 29, Troy Terry 21) at 4:41 (PP)
4. Nashville Predators , Zemgus Girgensons 7 (Artem Zub 7, Loui Eriksson 16) at 5:16
Penalties :
Pat Maroon (NSH) for Holding Stick (Minor) at 4:00, Jake Muzzin (NSH) for Delaying the game (Minor) at 11:50, Luke Schenn (TOR) for Hooking (Minor) at 14:18
3rd period
No Goal
Penalties :
Cale Makar (NSH) for Tripping (Minor) at 0:36, Justin Braun (NSH) for Hooking (Minor) at 6:19, Pat Maroon (NSH) for Holding (Minor) at 10:45, Nate Schmidt (NSH) for Hooking (Minor) at 16:33, Justin Braun (NSH) for High sticking (Minor) at 16:56
Goalie Stats
Anthony Stolarz (NSH), 30 saves from 33 shots - (0.909), L, 10-13-6, 60:00 minutes
Cam Talbot (TOR), 43 saves from 44 shots - (0.977), W, 19-7-2, 60:00 minutes
Players Stats for Nashville Predators
Player Name G A P +/- PIM S H SB GA TA FO MP PP MP PK MP
------------------------------------------------------------------------------------
Artem Zub 0 1 1 1 0 3 0 1 1 0 0/0 25:38 0:41 6:58
Bowen Byram 0 0 0 0 0 0 2 1 1 1 0/0 15:26 1:18 3:51
Brandon Saad 0 0 0 -1 0 2 0 0 0 2 6/11 19:59 1:04 8:07
Cale Makar 0 0 0 -1 2 12 1 1 1 0 0/0 22:58 1:18 4:52
Corey Perry 0 0 0 -1 2 0 6 1 0 0 0/0 18:38 1:04 6:38
Jake Muzzin 0 0 0 0 2 0 0 1 0 0 0/0 17:33 0:41 7:24
Janne Kuokkanen 0 0 0 0 0 0 0 1 0 0 1/1 10:54 0:00 0:00
Justin Braun 0 0 0 -1 6 2 1 3 0 0 0/0 25:35 0:00 4:48
Loui Eriksson 0 1 1 1 0 2 0 0 0 0 1/2 12:43 0:55 0:48
Nate Schmidt 0 0 0 1 2 0 1 0 0 2 0/0 13:37 0:00 0:03
Nick Bjugstad 0 0 0 0 0 2 1 0 0 1 0/0 14:45 0:00 3:15
Nolan Patrick 0 0 0 0 0 5 0 0 0 0 6/13 12:15 0:00 0:10
Pat Maroon 0 0 0 1 9 7 2 0 1 0 0/0 14:17 0:55 3:50
Riley Nash 0 0 0 0 0 1 0 0 0 0 1/1 11:00 0:00 0:00
Ryan Carpenter 0 0 0 0 0 0 1 0 0 0 0/0 11:00 0:00 0:00
Sam Gagner 0 0 0 -1 0 2 2 1 0 0 4/16 15:03 1:04 3:38
Thomas Novak 0 0 0 0 0 2 1 1 0 0 4/14 11:13 0:00 0:00
Zemgus Girgensons 1 0 1 1 0 4 2 0 0 0 4/10 11:54 0:55 0:00
Players Stats for Toronto Maple Leafs
Player Name G A P +/- PIM S H SB GA TA FO MP PP MP PK MP
------------------------------------------------------------------------------------
Adam Henrique 0 1 1 0 0 1 0 1 0 0 12/18 19:43 5:12 0:31
Andrew Mangiapane 0 0 0 -1 0 1 3 0 0 0 0/1 19:22 5:12 0:59
Brady Tkachuk 0 2 2 0 0 5 0 0 0 0 0/0 22:40 8:37 0:07
Cody Ceci 0 0 0 -1 0 1 0 1 0 0 0/0 22:56 5:50 1:12
Craig Smith 0 0 0 0 0 5 1 0 0 0 0/0 8:02 0:08 0:00
Dougie Hamilton 0 0 0 1 0 2 1 4 0 0 0/0 25:50 8:07 0:00
Jonas Siegenthaler 0 1 1 1 0 0 0 0 0 1 0/0 12:04 0:00 0:47
Josh Bailey 1 0 1 1 0 2 1 0 1 0 2/3 14:30 0:08 0:00
Kyle Okposo 0 0 0 -1 5 2 2 0 0 0 0/0 13:19 0:29 0:24
Luke Schenn 0 0 0 0 2 0 1 0 0 0 0/0 10:39 0:00 0:00
Mario Ferraro 1 0 1 0 0 2 2 1 0 1 0/0 25:48 5:50 1:12
Nicolas Roy 0 0 0 0 0 0 3 0 1 0 4/7 8:51 0:00 0:29
Pierre Engvall 0 0 0 0 0 2 1 0 0 0 0/0 7:34 0:00 0:29
Ryan Pulock 0 0 0 -1 0 1 0 0 0 2 0/0 22:55 8:07 0:47
Sam Bennett 1 0 1 1 0 7 4 0 1 0 18/29 21:56 8:16 0:00
Scott Laughton 0 0 0 0 0 0 3 0 0 0 5/8 9:33 0:00 0:59
Trevor Zegras 0 0 0 0 0 2 2 0 2 0 0/0 14:00 5:12 0:00
Troy Terry 0 2 2 0 0 0 1 0 1 0 0/2 18:17 8:37 0:00
3 Stars
1 - Cam Talbot (TOR)
2 - Sam Bennett (TOR)
3 - Josh Bailey (TOR)
Power Play
Nashville Predators - 0 on 1 Attempt(s) - 0.00%
Toronto Maple Leafs - 2 on 9 Attempt(s) - 22.22%
Penalty Kill
Nashville Predators - 7 on 9 Attempt(s) - 77.78%
- Score 0 goal in Penalty Kill
Toronto Maple Leafs - 1 on 1 Attempt(s) - 100.00%
- Score 0 goal in Penalty Kill
Team Stat
Nashville Predators - Hits : 20 - Faceoff Wins : 27 - Blocked Shots : 11 - Penalty Minutes : 23
Toronto Maple Leafs - Hits : 25 - Faceoff Wins : 41 - Blocked Shots : 7 - Penalty Minutes : 7
Official
Referees : Mike Leggo and Garrett Rank
Linesman : Scott Driscoll and Mark Shewchyk
Game Notes
Kyle Okposo and Pat Maroon fight to a draw at 5:00 of 1st period
Finance
Level 1 -- Attendance: 5929 (98.82%) -- Ticket Income $557,326
Level 2 -- Attendance: 5000 (100.00%) -- Ticket Income $270,000
Level 3 -- Attendance: 3000 (100.00%) -- Ticket Income $99,000
Level 4 -- Attendance: 5000 (100.00%) -- Ticket Income $105,000
Luxury Box -- Attendance: 1000 (100.00%) -- Ticket Income $193,000
Game was played at the Air Canada Centre.
Total Attendance: 19929 (99.65%)
Total Ticket Income: $1,224,326
Other Income: $428,514
Total Income: $1,652,840
Nashville Predators
5 vs 5 Forward
Center Left Wing Right Wing Time % Phy DF OF
1 Sam Gagner Brandon Saad Corey Perry 26 1 2 2
2 Zemgus Girgensons Pat Maroon Loui Eriksson 25 1 2 2
3 Thomas Novak Janne Kuokkanen Nick Bjugstad 25 1 2 2
4 Nolan Patrick Riley Nash Ryan Carpenter 24 1 2 2
5 vs 5 Defense
Defense Defense Time % Phy DF OF
1 Cale Makar Justin Braun 40 1 2 2
2 Nate Schmidt Artem Zub 30 1 2 2
3 Bowen Byram Jake Muzzin 20 1 2 2
4 Artem Zub Justin Braun 10 1 2 2
PowerPlay Forward
Center Left Wing Right Wing Time % Phy DF OF
1 Sam Gagner Brandon Saad Corey Perry 60 1 2 2
2 Zemgus Girgensons Pat Maroon Loui Eriksson 40 1 2 2
PowerPlay Defense
Defense Defense Time % Phy DF OF
1 Bowen Byram Cale Makar 60 1 2 2
2 Artem Zub Jake Muzzin 40 1 2 2
Penalty Kill 4 Players Forward
Center Wing Time % Phy DF OF
1 Brandon Saad Corey Perry 60 1 2 2
2 Sam Gagner Pat Maroon 40 1 2 2
Penalty Kill 4 Players Defense
Defense Defense Time % Phy DF OF
1 Jake Muzzin Justin Braun 60 1 2 2
2 Artem Zub Cale Makar 40 1 2 2
Penalty Kill - 3 Players Forward
Forward Time % Phy DF OF
1 Brandon Saad 60 1 2 2
2 Corey Perry 40 1 2 2
Penalty Kill - 3 Players Defense
Defense Defense Time % Phy DF OF
1 Jake Muzzin Justin Braun 60 1 2 2
2 Artem Zub Cale Makar 40 1 2 2
4 vs 4 Forward
Center Wing Time % Phy DF OF
1 Brandon Saad Corey Perry 60 1 2 2
2 Sam Gagner Pat Maroon 40 1 2 2
4 vs 4 Defense
Defense Defense Time % Phy DF OF
1 Jake Muzzin Cale Makar 60 1 2 2
2 Artem Zub Nate Schmidt 40 1 2 2
Last Minutes Offensive
Center Left Wing Right Wing Defense Defense
Sam Gagner Brandon Saad Corey Perry Bowen Byram Cale Makar
Last Minutes Defensive
Center Left Wing Right Wing Defense Defense
Sam Gagner Brandon Saad Corey Perry Jake Muzzin Justin Braun
Goaltenders
Starting : Anthony Stolarz
Backup : Alexandar Georgiev
Extra Forwards
Normal : Nolan Patrick, Thomas Novak, Nick Bjugstad - PP : Janne Kuokkanen, Thomas Novak - PK : Nick Bjugstad
Extra Defensemen
Normal : Cale Makar, Jake Muzzin, Artem Zub - PP : Cale Makar - PK : Jake Muzzin, Artem Zub
Penalty Shots
Brandon Saad, Corey Perry, Sam Gagner, Pat Maroon, Zemgus Girgensons
Toronto Maple Leafs
5 vs 5 Forward
Center Left Wing Right Wing Time % Phy DF OF
1 Sam Bennett Brady Tkachuk Josh Bailey 40 1 2 2
2 Adam Henrique Andrew Mangiapane Kyle Okposo 30 1 2 2
3 Scott Laughton Trevor Zegras Troy Terry 20 1 2 2
4 Nicolas Roy Pierre Engvall Craig Smith 10 1 2 2
5 vs 5 Defense
Defense Defense Time % Phy DF OF
1 Dougie Hamilton Mario Ferraro 40 1 2 2
2 Ryan Pulock Cody Ceci 30 1 2 2
3 Luke Schenn Jonas Siegenthaler 20 1 2 2
4 Ryan Pulock Cody Ceci 10 1 2 2
PowerPlay Forward
Center Left Wing Right Wing Time % Phy DF OF
1 Sam Bennett Brady Tkachuk Troy Terry 60 1 2 2
2 Adam Henrique Trevor Zegras Andrew Mangiapane 40 1 2 2
PowerPlay Defense
Defense Defense Time % Phy DF OF
1 Dougie Hamilton Ryan Pulock 60 1 2 2
2 Cody Ceci Mario Ferraro 40 1 2 2
Penalty Kill 4 Players Forward
Center Wing Time % Phy DF OF
1 Scott Laughton Andrew Mangiapane 60 1 2 2
2 Nicolas Roy Pierre Engvall 40 1 2 2
Penalty Kill 4 Players Defense
Defense Defense Time % Phy DF OF
1 Mario Ferraro Cody Ceci 60 1 2 2
2 Ryan Pulock Jonas Siegenthaler 40 1 2 2
Penalty Kill - 3 Players Forward
Forward Time % Phy DF OF
1 Scott Laughton 60 1 2 2
2 Nicolas Roy 40 1 2 2
Penalty Kill - 3 Players Defense
Defense Defense Time % Phy DF OF
1 Mario Ferraro Cody Ceci 60 1 2 2
2 Jonas Siegenthaler Ryan Pulock 40 1 2 2
4 vs 4 Forward
Center Wing Time % Phy DF OF
1 Adam Henrique Andrew Mangiapane 60 1 2 2
2 Sam Bennett Brady Tkachuk 40 1 2 2
4 vs 4 Defense
Defense Defense Time % Phy DF OF
1 Ryan Pulock Cody Ceci 60 1 2 2
2 Dougie Hamilton Mario Ferraro 40 1 2 2
Last Minutes Offensive
Center Left Wing Right Wing Defense Defense
Sam Bennett Brady Tkachuk Troy Terry Dougie Hamilton Ryan Pulock
Last Minutes Defensive
Center Left Wing Right Wing Defense Defense
Scott Laughton Andrew Mangiapane Kyle Okposo Mario Ferraro Cody Ceci
Goaltenders
Starting : Cam Talbot
Backup : James Reimer
Extra Forwards
Normal : Nicolas Roy, Craig Smith, Pierre Engvall - PP : Kyle Okposo, Josh Bailey - PK : Kyle Okposo
Extra Defensemen
Normal : Jonas Siegenthaler, Luke Schenn, Cody Ceci - PP : Jonas Siegenthaler - PK : Luke Schenn, Dougie Hamilton
Penalty Shots
Trevor Zegras, Dougie Hamilton, Nicolas Roy, Kyle Okposo, Josh Bailey
% Time on Ice - Nashville Predators
Lines # - Real PCT - Wanted PCT - Time Play
Normal Forward
1 - 25% - 26% - 11:10
2 - 25% - 25% - 11:00
3 - 25% - 25% - 10:54
4 - 25% - 24% - 11:00
Normal Defense
1 - 38% - 40% - 16:35
2 - 31% - 30% - 13:50
3 - 21% - 20% - 9:06
4 - 10% - 10% - 4:33
PP Forward
1 - 54% - 60% - 1:04
2 - 46% - 40% - 0:55
PP Defense
1 - 66% - 60% - 1:18
2 - 34% - 40% - 0:41
PK Forward
1 - 71% - 60% - 8:43
2 - 29% - 40% - 3:38
PK Defense
1 - 74% - 60% - 9:10
2 - 26% - 40% - 3:11
PK3 Forward
1 - 75% - 60% - 1:12
2 - 25% - 40% - 0:24
PK3 Defense
1 - 100% - 60% - 1:36
2 - 0% - 40% - 0:00
44 Forward
1 - 0% - 60%
2 - 0% - 40%
44 Defense
1 - 0% - 60%
2 - 0% - 40%
Last Minute Offensive - 0:00
Last Minute Defensive - 0:00
Total
Forward - 60:00
Defense - 60:00
|
% Time on Ice - Toronto Maple Leafs
Lines # - Real PCT - Wanted PCT - Time Play
Normal Forward
1 - 36% - 40% - 15:42
2 - 30% - 30% - 13:24
3 - 19% - 20% - 8:34
4 - 15% - 10% - 6:24
Normal Defense
1 - 41% - 40% - 17:56
2 - 31% - 30% - 13:30
3 - 24% - 20% - 10:27
4 - 5% - 10% - 2:11
PP Forward
1 - 63% - 60% - 8:45
2 - 37% - 40% - 5:12
PP Defense
1 - 58% - 60% - 8:07
2 - 42% - 40% - 5:50
PK Forward
1 - 76% - 60% - 1:30
2 - 24% - 40% - 0:29
PK Defense
1 - 61% - 60% - 1:12
2 - 39% - 40% - 0:47
PK3 Forward
1 - 0% - 60%
2 - 0% - 40%
PK3 Defense
1 - 0% - 60%
2 - 0% - 40%
44 Forward
1 - 0% - 60%
2 - 0% - 40%
44 Defense
1 - 0% - 60%
2 - 0% - 40%
Last Minute Offensive - 0:00
Last Minute Defensive - 0:00
Total
Forward - 60:00
Defense - 60:00
|
Play-by-Play
1st period
0:01 of 1st period - Sam Bennett wins face-off versus Sam Gagner in neutral zone.
0:06 of 1st period - Wrist shot by Brady Tkachuk.
0:06 of 1st period - Shot Misses the Net.
0:14 of 1st period - Snap shot by Sam Bennett.
0:14 of 1st period - Stopped by Anthony Stolarz without a rebound.
0:15 of 1st period - Adam Henrique wins face-off versus Zemgus Girgensons in Nashville Predators zone.
1:41 of 1st period - Mario Ferraro is hit by Pat Maroon and loses puck.
2:16 of 1st period - Mario Ferraro is hit by Thomas Novak and loses puck.
2:27 of 1st period - Wrist shot by Troy Terry.
2:27 of 1st period - Shot Blocked by Bowen Byram.
2:31 of 1st period - Slapshot by Troy Terry.
2:31 of 1st period - Shot Misses the Net.
3:23 of 1st period - Wrist shot by Trevor Zegras.
3:23 of 1st period - Stopped by Anthony Stolarz without a rebound.
3:24 of 1st period - Sam Bennett wins face-off versus Sam Gagner in Nashville Predators zone.
3:25 of 1st period - Wrist shot by Brady Tkachuk.
3:25 of 1st period - Shot Misses the Net.
4:39 of 1st period - Snap shot by Cale Makar.
4:39 of 1st period - Stopped by Cam Talbot with a rebound.
4:55 of 1st period - Snap shot by Brandon Saad.
4:55 of 1st period - Deflect By Sam Gagner.
4:55 of 1st period - Stopped by Cam Talbot without a rebound.
4:56 of 1st period - Adam Henrique wins face-off versus Zemgus Girgensons in Toronto Maple Leafs zone.
5:00 of 1st period - Kyle Okposo and Pat Maroon fight to a draw.
5:00 of 1st period - Penalty to Kyle Okposo for Fighting.
5:00 of 1st period - Penalty to Pat Maroon for Fighting.
5:01 of 1st period - Zemgus Girgensons wins face-off versus Adam Henrique in Nashville Predators zone.
5:10 of 1st period - Wrist shot by Zemgus Girgensons.
5:10 of 1st period - Shot Misses the Net.
5:12 of 1st period - Slapshot by Artem Zub.
5:12 of 1st period - Stopped by Cam Talbot with a rebound.
5:14 of 1st period - Wrist shot by Zemgus Girgensons.
5:14 of 1st period - Shot Misses the Net.
5:30 of 1st period - Nick Bjugstad is hit by Scott Laughton and loses puck.
5:51 of 1st period - Snap shot by Riley Nash.
5:51 of 1st period - Stopped by Cam Talbot without a rebound.
5:52 of 1st period - Riley Nash wins face-off versus Nicolas Roy in Toronto Maple Leafs zone.
6:56 of 1st period - Slapshot by Cale Makar.
6:56 of 1st period - Shot Misses the Net.
7:28 of 1st period - Andrew Mangiapane is hit by Zemgus Girgensons and loses puck.
7:50 of 1st period - Wrist shot by Brandon Saad.
7:50 of 1st period - Shot Misses the Net.
8:00 of 1st period - Wrist shot by Zemgus Girgensons.
8:00 of 1st period - Stopped by Cam Talbot without a rebound.
8:01 of 1st period - Zemgus Girgensons wins face-off versus Scott Laughton in Toronto Maple Leafs zone.
8:06 of 1st period - Snap shot by Zemgus Girgensons.
8:06 of 1st period - Stopped by Cam Talbot with a rebound.
8:08 of 1st period - Snap shot by Nolan Patrick.
8:08 of 1st period - Stopped by Cam Talbot without a rebound.
8:09 of 1st period - Thomas Novak wins face-off versus Sam Bennett in Toronto Maple Leafs zone.
8:57 of 1st period - Snap shot by Trevor Zegras.
8:57 of 1st period - Stopped by Anthony Stolarz with a rebound.
8:59 of 1st period - Snap shot by Troy Terry.
8:59 of 1st period - Shot Blocked by Justin Braun.
9:11 of 1st period - Minor Penalty to Corey Perry for Hooking.
9:12 of 1st period - Brandon Saad wins face-off versus Sam Bennett in Nashville Predators zone.
9:37 of 1st period - Icing by Mario Ferraro.
9:38 of 1st period - Brandon Saad wins face-off versus Sam Bennett in Toronto Maple Leafs zone.
10:00 of 1st period - Penalty to Pat Maroon is over, Pat Maroon is back on ice.
10:08 of 1st period - Slapshot by Troy Terry.
10:08 of 1st period - Shot Misses the Net.
10:10 of 1st period - Slapshot by Mario Ferraro.
10:10 of 1st period - Goal by Mario Ferraro - Nashville Predators : 0 - Toronto Maple Leafs : 1.
10:11 of 1st period - Adam Henrique wins face-off versus Thomas Novak in neutral zone.
11:03 of 1st period - Wrist shot by Zemgus Girgensons.
11:03 of 1st period - Stopped by Cam Talbot with a rebound.
11:07 of 1st period - Slapshot by Cale Makar.
11:07 of 1st period - Stopped by Cam Talbot with a rebound.
11:09 of 1st period - Wrist shot by Loui Eriksson.
11:09 of 1st period - Stopped by Cam Talbot without a rebound.
11:10 of 1st period - Janne Kuokkanen wins face-off versus Adam Henrique in Toronto Maple Leafs zone.
11:19 of 1st period - Slapshot by Thomas Novak.
11:19 of 1st period - Shot Blocked by Adam Henrique.
11:21 of 1st period - Wrist shot by Thomas Novak.
11:21 of 1st period - Shot Misses the Net.
11:23 of 1st period - Wrist shot by Nick Bjugstad.
11:23 of 1st period - Deflect By Thomas Novak.
11:23 of 1st period - Shot Misses the Net.
11:23 of 1st period - Puck is out of play.
11:24 of 1st period - Nolan Patrick wins face-off versus Sam Bennett in Toronto Maple Leafs zone.
11:24 of 1st period - Nate Schmidt is hit by Mario Ferraro and loses puck.
12:01 of 1st period - Snap shot by Craig Smith.
12:01 of 1st period - Stopped by Anthony Stolarz with a rebound.
12:22 of 1st period - Slapshot by Nick Bjugstad.
12:22 of 1st period - Stopped by Cam Talbot with a rebound.
12:44 of 1st period - Ryan Pulock is hit by Bowen Byram and loses puck.
13:23 of 1st period - Minor Penalty to Justin Braun for Hooking.
13:24 of 1st period - Brandon Saad wins face-off versus Sam Bennett in Nashville Predators zone.
15:21 of 1st period - Cody Ceci is hit by Corey Perry and loses puck.
15:23 of 1st period - Penalty to Justin Braun is over, Justin Braun is back on ice.
15:37 of 1st period - Icing by Troy Terry.
15:38 of 1st period - Nolan Patrick wins face-off versus Troy Terry in Toronto Maple Leafs zone.
15:55 of 1st period - Brady Tkachuk is hit by Ryan Carpenter and loses puck.
16:12 of 1st period - Wrist shot by Nick Bjugstad.
16:12 of 1st period - Shot Misses the Net.
16:35 of 1st period - Slapshot by Craig Smith.
16:35 of 1st period - Shot Blocked by Justin Braun.
17:15 of 1st period - Slapshot by Brandon Saad.
17:15 of 1st period - Stopped by Cam Talbot without a rebound.
17:16 of 1st period - Sam Bennett wins face-off versus Sam Gagner in Toronto Maple Leafs zone.
17:27 of 1st period - Sam Gagner is hit by Sam Bennett and loses puck.
17:34 of 1st period - Dougie Hamilton is hit by Sam Gagner and loses puck.
17:51 of 1st period - Slapshot by Josh Bailey.
17:51 of 1st period - Shot Misses the Net.
17:53 of 1st period - Wrist shot by Adam Henrique.
17:53 of 1st period - Shot Blocked by Sam Gagner.
17:55 of 1st period - Snap shot by Josh Bailey.
17:55 of 1st period - Goal by Josh Bailey - Nashville Predators : 0 - Toronto Maple Leafs : 2.
17:56 of 1st period - Nicolas Roy wins face-off versus Thomas Novak in neutral zone.
17:59 of 1st period - Slapshot by Craig Smith.
17:59 of 1st period - Shot Misses the Net.
19:33 of 1st period - Slapshot by Cale Makar.
19:33 of 1st period - Stopped by Cam Talbot without a rebound.
19:34 of 1st period - Sam Bennett wins face-off versus Thomas Novak in Toronto Maple Leafs zone.
19:34 of 1st period - Sam Bennett is hit by Justin Braun.
19:48 of 1st period - Slapshot by Josh Bailey.
19:48 of 1st period - Stopped by Anthony Stolarz with a rebound.
19:50 of 1st period - Slapshot by Dougie Hamilton.
19:50 of 1st period - Deflect By Sam Bennett.
19:50 of 1st period - Stopped by Anthony Stolarz with a rebound.
Goals for this period are 0 for Nashville Predators vs 2 for Toronto Maple Leafs.
Shots for this period are 13 for Nashville Predators vs 8 for Toronto Maple Leafs.
2nd period
0:01 of 2nd period - Zemgus Girgensons wins face-off versus Adam Henrique in neutral zone.
0:26 of 2nd period - Slapshot by Thomas Novak.
0:26 of 2nd period - Stopped by Cam Talbot with a rebound.
0:43 of 2nd period - Icing by Sam Bennett.
0:44 of 2nd period - Scott Laughton wins face-off versus Sam Gagner in Toronto Maple Leafs zone.
0:55 of 2nd period - Snap shot by Troy Terry.
0:55 of 2nd period - Shot Misses the Net.
0:59 of 2nd period - Snap shot by Troy Terry.
0:59 of 2nd period - Deflect By Trevor Zegras.
0:59 of 2nd period - Shot Misses the Net.
0:59 of 2nd period - Puck is out of play.
1:00 of 2nd period - Adam Henrique wins face-off versus Zemgus Girgensons in Nashville Predators zone.
1:03 of 2nd period - Snap shot by Andrew Mangiapane.
1:03 of 2nd period - Stopped by Anthony Stolarz with a rebound.
1:05 of 2nd period - Slapshot by Adam Henrique.
1:05 of 2nd period - Shot Misses the Net.
1:07 of 2nd period - Slapshot by Ryan Pulock.
1:07 of 2nd period - Shot Misses the Net.
1:36 of 2nd period - Wrist shot by Josh Bailey.
1:36 of 2nd period - Deflect By Thomas Novak.
1:36 of 2nd period - Shot Hit the Post.
1:36 of 2nd period - Puck is out of play.
1:37 of 2nd period - Adam Henrique wins face-off versus Sam Gagner in Nashville Predators zone.
1:38 of 2nd period - Wrist shot by Kyle Okposo.
1:38 of 2nd period - Stopped by Anthony Stolarz without a rebound.
1:39 of 2nd period - Adam Henrique wins face-off versus Sam Gagner in Nashville Predators zone.
1:42 of 2nd period - Wrist shot by Kyle Okposo.
1:42 of 2nd period - Stopped by Anthony Stolarz without a rebound.
1:43 of 2nd period - Sam Gagner wins face-off versus Andrew Mangiapane in Nashville Predators zone.
1:48 of 2nd period - Adam Henrique is hit by Corey Perry and loses puck.
3:05 of 2nd period - Snap shot by Trevor Zegras.
3:05 of 2nd period - Deflect By Cale Makar.
3:05 of 2nd period - Shot Misses the Net.
3:05 of 2nd period - Puck is out of play.
3:06 of 2nd period - Sam Bennett wins face-off versus Nolan Patrick in Nashville Predators zone.
3:33 of 2nd period - Justin Braun is hit by Andrew Mangiapane and loses puck.
3:44 of 2nd period - Snap shot by Cale Makar.
3:44 of 2nd period - Stopped by Cam Talbot with a rebound.
4:00 of 2nd period - Minor Penalty to Pat Maroon for Holding Stick.
4:01 of 2nd period - Sam Bennett wins face-off versus Brandon Saad in Nashville Predators zone.
4:14 of 2nd period - Snap shot by Sam Bennett.
4:14 of 2nd period - Shot Blocked by Corey Perry.
4:26 of 2nd period - Justin Braun is hit by Mario Ferraro and loses puck.
4:41 of 2nd period - Wrist shot by Sam Bennett.
4:41 of 2nd period - Goal by Sam Bennett - Nashville Predators : 0 - Toronto Maple Leafs : 3.
4:42 of 2nd period - Adam Henrique wins face-off versus Thomas Novak in neutral zone.
5:07 of 2nd period - Andrew Mangiapane is hit by Zemgus Girgensons and loses puck.
5:12 of 2nd period - Wrist shot by Zemgus Girgensons.
5:12 of 2nd period - Shot Misses the Net.
5:16 of 2nd period - Wrist shot by Zemgus Girgensons.
5:16 of 2nd period - Goal by Zemgus Girgensons - Nashville Predators : 1 - Toronto Maple Leafs : 3.
5:17 of 2nd period - Sam Bennett wins face-off versus Nolan Patrick in neutral zone.
5:22 of 2nd period - Slapshot by Josh Bailey.
5:22 of 2nd period - Shot Misses the Net.
5:24 of 2nd period - Wrist shot by Brady Tkachuk.
5:24 of 2nd period - Stopped by Anthony Stolarz with a rebound.
5:32 of 2nd period - Slapshot by Sam Bennett.
5:32 of 2nd period - Stopped by Anthony Stolarz with a rebound.
5:34 of 2nd period - Slapshot by Josh Bailey.
5:34 of 2nd period - Shot Misses the Net.
5:44 of 2nd period - Corey Perry is hit by Kyle Okposo and loses puck.
6:09 of 2nd period - Nate Schmidt is hit by Scott Laughton and loses puck.
6:17 of 2nd period - Snap shot by Artem Zub.
6:17 of 2nd period - Stopped by Cam Talbot with a rebound.
6:27 of 2nd period - Wrist shot by Craig Smith.
6:27 of 2nd period - Deflect By Pierre Engvall.
6:27 of 2nd period - Shot Misses the Net.
6:27 of 2nd period - Puck is out of play.
6:28 of 2nd period - Nicolas Roy wins face-off versus Zemgus Girgensons in Nashville Predators zone.
6:57 of 2nd period - Corey Perry is hit by Nicolas Roy and loses puck.
7:02 of 2nd period - Wrist shot by Craig Smith.
7:02 of 2nd period - Stopped by Anthony Stolarz without a rebound.
7:03 of 2nd period - Sam Bennett wins face-off versus Nolan Patrick in Nashville Predators zone.
7:12 of 2nd period - Wrist shot by Brady Tkachuk.
7:12 of 2nd period - Stopped by Anthony Stolarz with a rebound.
7:28 of 2nd period - Janne Kuokkanen is hit by Andrew Mangiapane.
7:32 of 2nd period - Backhand shot by Cale Makar.
7:32 of 2nd period - Shot Misses the Net.
7:56 of 2nd period - Wrist shot by Corey Perry.
7:56 of 2nd period - Shot Misses the Net.
8:10 of 2nd period - Slapshot by Bowen Byram.
8:10 of 2nd period - Shot Blocked by Dougie Hamilton.
8:16 of 2nd period - Snap shot by Cale Makar.
8:16 of 2nd period - Stopped by Cam Talbot without a rebound.
8:17 of 2nd period - Sam Bennett wins face-off versus Nolan Patrick in Toronto Maple Leafs zone.
8:22 of 2nd period - Snap shot by Cale Makar.
8:22 of 2nd period - Deflect By Brady Tkachuk.
8:22 of 2nd period - Stopped by Cam Talbot without a rebound.
8:23 of 2nd period - Sam Bennett wins face-off versus Nolan Patrick in Toronto Maple Leafs zone.
8:38 of 2nd period - Slapshot by Cale Makar.
8:38 of 2nd period - Stopped by Cam Talbot without a rebound.
8:39 of 2nd period - Adam Henrique wins face-off versus Sam Gagner in Toronto Maple Leafs zone.
8:49 of 2nd period - Icing by Justin Braun.
8:50 of 2nd period - Sam Gagner wins face-off versus Josh Bailey in Nashville Predators zone.
9:07 of 2nd period - Artem Zub is hit by Sam Bennett and loses puck.
9:39 of 2nd period - Icing by Nick Bjugstad.
9:40 of 2nd period - Nolan Patrick wins face-off versus Scott Laughton in Nashville Predators zone.
9:51 of 2nd period - Snap shot by Troy Terry.
9:51 of 2nd period - Shot Misses the Net.
9:53 of 2nd period - Wrist shot by Trevor Zegras.
9:53 of 2nd period - Shot Misses the Net.
9:55 of 2nd period - Slapshot by Mario Ferraro.
9:55 of 2nd period - Shot Misses the Net.
9:57 of 2nd period - Snap shot by Trevor Zegras.
9:57 of 2nd period - Shot Misses the Net.
10:11 of 2nd period - Wrist shot by Brady Tkachuk.
10:11 of 2nd period - Shot Misses the Net.
10:13 of 2nd period - Wrist shot by Sam Bennett.
10:13 of 2nd period - Deflect By Pat Maroon.
10:13 of 2nd period - Stopped by Anthony Stolarz with a rebound.
10:15 of 2nd period - Snap shot by Mario Ferraro.
10:15 of 2nd period - Stopped by Anthony Stolarz with a rebound.
10:17 of 2nd period - Snap shot by Josh Bailey.
10:17 of 2nd period - Shot Misses the Net.
11:23 of 2nd period - Snap shot by Troy Terry.
11:23 of 2nd period - Shot Blocked by Jake Muzzin.
11:33 of 2nd period - Snap shot by Craig Smith.
11:33 of 2nd period - Stopped by Anthony Stolarz with a rebound.
11:35 of 2nd period - Wrist shot by Nicolas Roy.
11:35 of 2nd period - Shot Misses the Net.
11:41 of 2nd period - Snap shot by Craig Smith.
11:41 of 2nd period - Stopped by Anthony Stolarz without a rebound.
11:42 of 2nd period - Sam Bennett wins face-off versus Thomas Novak in Nashville Predators zone.
11:50 of 2nd period - Minor Penalty to Jake Muzzin for Delaying the game.
11:51 of 2nd period - Sam Bennett wins face-off versus Brandon Saad in Nashville Predators zone.
12:17 of 2nd period - Artem Zub is hit by Dougie Hamilton and loses puck.
13:50 of 2nd period - Penalty to Jake Muzzin is over, Jake Muzzin is back on ice.
13:50 of 2nd period - Nick Bjugstad is hit by Craig Smith and loses puck.
14:02 of 2nd period - Off-side.
14:03 of 2nd period - Nolan Patrick wins face-off versus Nicolas Roy in neutral zone.
14:11 of 2nd period - Snap shot by Pierre Engvall.
14:11 of 2nd period - Stopped by Anthony Stolarz without a rebound.
14:12 of 2nd period - Nicolas Roy wins face-off versus Nolan Patrick in Nashville Predators zone.
14:18 of 2nd period - Minor Penalty to Luke Schenn for Hooking.
14:19 of 2nd period - Scott Laughton wins face-off versus Sam Gagner in Toronto Maple Leafs zone.
16:17 of 2nd period - Cale Makar is hit by Nicolas Roy and loses puck.
16:18 of 2nd period - Penalty to Luke Schenn is over, Luke Schenn is back on ice.
16:30 of 2nd period - Snap shot by Pierre Engvall.
16:30 of 2nd period - Stopped by Anthony Stolarz without a rebound.
16:31 of 2nd period - Sam Bennett wins face-off versus Thomas Novak in Nashville Predators zone.
16:36 of 2nd period - Wrist shot by Sam Bennett.
16:36 of 2nd period - Stopped by Anthony Stolarz with a rebound.
17:05 of 2nd period - Snap shot by Nolan Patrick.
17:05 of 2nd period - Stopped by Cam Talbot without a rebound.
17:06 of 2nd period - Scott Laughton wins face-off versus Sam Gagner in Toronto Maple Leafs zone.
17:06 of 2nd period - Scott Laughton is hit by Corey Perry.
17:42 of 2nd period - Slapshot by Brady Tkachuk.
17:42 of 2nd period - Shot Blocked by Artem Zub.
17:57 of 2nd period - Off-side.
17:58 of 2nd period - Adam Henrique wins face-off versus Zemgus Girgensons in neutral zone.
18:34 of 2nd period - Slapshot by Pat Maroon.
18:34 of 2nd period - Stopped by Cam Talbot with a rebound.
18:36 of 2nd period - Slapshot by Artem Zub.
18:36 of 2nd period - Shot Blocked by Dougie Hamilton.
18:38 of 2nd period - Snap shot by Nate Schmidt.
18:38 of 2nd period - Shot Misses the Net.
18:40 of 2nd period - Slapshot by Loui Eriksson.
18:40 of 2nd period - Deflect By Pat Maroon.
18:40 of 2nd period - Stopped by Cam Talbot without a rebound.
18:41 of 2nd period - Sam Gagner wins face-off versus Sam Bennett in Toronto Maple Leafs zone.
18:42 of 2nd period - Wrist shot by Brandon Saad.
18:42 of 2nd period - Deflect By Sam Gagner.
18:42 of 2nd period - Stopped by Cam Talbot with a rebound.
18:44 of 2nd period - Slapshot by Artem Zub.
18:44 of 2nd period - Shot Blocked by Cody Ceci.
19:06 of 2nd period - Janne Kuokkanen is hit by Troy Terry and loses puck.
19:25 of 2nd period - Cody Ceci is hit by Bowen Byram and loses puck.
19:30 of 2nd period - Slapshot by Nolan Patrick.
19:30 of 2nd period - Shot Misses the Net.
19:32 of 2nd period - Wrist shot by Justin Braun.
19:32 of 2nd period - Stopped by Cam Talbot with a rebound.
19:34 of 2nd period - Snap shot by Riley Nash.
19:34 of 2nd period - Deflect By Nolan Patrick.
19:34 of 2nd period - Stopped by Cam Talbot without a rebound.
19:35 of 2nd period - Sam Gagner wins face-off versus Sam Bennett in Toronto Maple Leafs zone.
19:50 of 2nd period - Josh Bailey is hit by Corey Perry and loses puck.
Goals for this period are 1 for Nashville Predators vs 1 for Toronto Maple Leafs.
Shots for this period are 13 for Nashville Predators vs 15 for Toronto Maple Leafs.
3rd period
0:01 of 3rd period - Josh Bailey wins face-off versus Zemgus Girgensons in neutral zone.
0:12 of 3rd period - Wrist shot by Sam Bennett.
0:12 of 3rd period - Stopped by Anthony Stolarz without a rebound.
0:13 of 3rd period - Thomas Novak wins face-off versus Sam Bennett in Nashville Predators zone.
0:20 of 3rd period - Wrist shot by Brady Tkachuk.
0:20 of 3rd period - Deflect By Josh Bailey.
0:20 of 3rd period - Shot Blocked by Justin Braun.
0:20 of 3rd period - Puck is out of play.
0:21 of 3rd period - Sam Bennett wins face-off versus Thomas Novak in Nashville Predators zone.
0:22 of 3rd period - Slapshot by Brady Tkachuk.
0:22 of 3rd period - Stopped by Anthony Stolarz with a rebound.
0:24 of 3rd period - Snap shot by Mario Ferraro.
0:24 of 3rd period - Shot Misses the Net.
0:36 of 3rd period - Minor Penalty to Cale Makar for Tripping.
0:37 of 3rd period - Brandon Saad wins face-off versus Sam Bennett in Nashville Predators zone.
0:47 of 3rd period - Snap shot by Brady Tkachuk.
0:47 of 3rd period - Stopped by Anthony Stolarz with a rebound.
1:03 of 3rd period - Adam Henrique is hit by Pat Maroon.
1:15 of 3rd period - Justin Braun is hit by Trevor Zegras and loses puck.
1:28 of 3rd period - Brandon Saad is hit by Sam Bennett and loses puck.
2:36 of 3rd period - Penalty to Cale Makar is over, Cale Makar is back on ice.
2:50 of 3rd period - Snap shot by Cale Makar.
2:50 of 3rd period - Stopped by Cam Talbot without a rebound.
2:51 of 3rd period - Thomas Novak wins face-off versus Nicolas Roy in Toronto Maple Leafs zone.
2:54 of 3rd period - Snap shot by Thomas Novak.
2:54 of 3rd period - Stopped by Cam Talbot with a rebound.
2:56 of 3rd period - Wrist shot by Thomas Novak.
2:56 of 3rd period - Shot Misses the Net.
3:01 of 3rd period - Snap shot by Justin Braun.
3:01 of 3rd period - Deflect By Thomas Novak.
3:01 of 3rd period - Shot Misses the Net.
3:01 of 3rd period - Puck is out of play.
3:02 of 3rd period - Zemgus Girgensons wins face-off versus Adam Henrique in Toronto Maple Leafs zone.
3:02 of 3rd period - Zemgus Girgensons is hit by Kyle Okposo.
3:06 of 3rd period - Snap shot by Pat Maroon.
3:06 of 3rd period - Shot Misses the Net.
3:08 of 3rd period - Wrist shot by Pat Maroon.
3:08 of 3rd period - Stopped by Cam Talbot with a rebound.
3:12 of 3rd period - Wrist shot by Pat Maroon.
3:12 of 3rd period - Shot Misses the Net.
3:14 of 3rd period - Slapshot by Cale Makar.
3:14 of 3rd period - Stopped by Cam Talbot without a rebound.
3:15 of 3rd period - Nolan Patrick wins face-off versus Sam Bennett in Toronto Maple Leafs zone.
3:20 of 3rd period - Wrist shot by Nolan Patrick.
3:20 of 3rd period - Shot Misses the Net.
3:48 of 3rd period - Wrist shot by Adam Henrique.
3:48 of 3rd period - Shot Misses the Net.
3:50 of 3rd period - Slapshot by Dougie Hamilton.
3:50 of 3rd period - Deflect By Adam Henrique.
3:50 of 3rd period - Stopped by Anthony Stolarz without a rebound.
3:51 of 3rd period - Loui Eriksson wins face-off versus Adam Henrique in Nashville Predators zone.
4:26 of 3rd period - Sam Bennett is hit by Cale Makar and loses puck.
4:43 of 3rd period - Wrist shot by Nolan Patrick.
4:43 of 3rd period - Stopped by Cam Talbot without a rebound.
4:44 of 3rd period - Scott Laughton wins face-off versus Nolan Patrick in Toronto Maple Leafs zone.
4:44 of 3rd period - Scott Laughton is hit by Nate Schmidt.
4:50 of 3rd period - Slapshot by Dougie Hamilton.
4:50 of 3rd period - Stopped by Anthony Stolarz without a rebound.
4:51 of 3rd period - Sam Bennett wins face-off versus Sam Gagner in Nashville Predators zone.
5:04 of 3rd period - Slapshot by Brady Tkachuk.
5:04 of 3rd period - Stopped by Anthony Stolarz with a rebound.
5:41 of 3rd period - Off-side.
5:42 of 3rd period - Adam Henrique wins face-off versus Thomas Novak in neutral zone.
5:45 of 3rd period - Slapshot by Ryan Pulock.
5:45 of 3rd period - Shot Blocked by Janne Kuokkanen.
5:47 of 3rd period - Snap shot by Kyle Okposo.
5:47 of 3rd period - Shot Misses the Net.
5:49 of 3rd period - Snap shot by Adam Henrique.
5:49 of 3rd period - Shot Blocked by Thomas Novak.
5:51 of 3rd period - Slapshot by Ryan Pulock.
5:51 of 3rd period - Stopped by Anthony Stolarz with a rebound.
5:53 of 3rd period - Snap shot by Andrew Mangiapane.
5:53 of 3rd period - Shot Blocked by Cale Makar.
5:55 of 3rd period - Snap shot by Cody Ceci.
5:55 of 3rd period - Stopped by Anthony Stolarz without a rebound.
5:56 of 3rd period - Josh Bailey wins face-off versus Sam Gagner in Nashville Predators zone.
6:19 of 3rd period - Minor Penalty to Justin Braun for Hooking.
6:20 of 3rd period - Brandon Saad wins face-off versus Sam Bennett in Nashville Predators zone.
6:31 of 3rd period - Slapshot by Dougie Hamilton.
6:31 of 3rd period - Stopped by Anthony Stolarz with a rebound.
6:33 of 3rd period - Slapshot by Ryan Pulock.
6:33 of 3rd period - Shot Misses the Net.
6:35 of 3rd period - Slapshot by Brady Tkachuk.
6:35 of 3rd period - Shot Misses the Net.
6:37 of 3rd period - Snap shot by Sam Bennett.
6:37 of 3rd period - Deflect By Brady Tkachuk.
6:37 of 3rd period - Shot Misses the Net.
6:37 of 3rd period - Puck is out of play.
6:38 of 3rd period - Adam Henrique wins face-off versus Brandon Saad in Nashville Predators zone.
6:49 of 3rd period - Snap shot by Andrew Mangiapane.
6:49 of 3rd period - Shot Misses the Net.
8:19 of 3rd period - Penalty to Justin Braun is over, Justin Braun is back on ice.
8:32 of 3rd period - Slapshot by Cale Makar.
8:32 of 3rd period - Deflect By Craig Smith.
8:32 of 3rd period - Stopped by Cam Talbot with a rebound.
8:43 of 3rd period - Icing by Mario Ferraro.
8:44 of 3rd period - Thomas Novak wins face-off versus Adam Henrique in Toronto Maple Leafs zone.
8:45 of 3rd period - Snap shot by Nick Bjugstad.
8:45 of 3rd period - Stopped by Cam Talbot without a rebound.
8:46 of 3rd period - Adam Henrique wins face-off versus Thomas Novak in Toronto Maple Leafs zone.
8:55 of 3rd period - Slapshot by Kyle Okposo.
8:55 of 3rd period - Shot Misses the Net.
9:01 of 3rd period - Slapshot by Artem Zub.
9:01 of 3rd period - Stopped by Cam Talbot with a rebound.
9:11 of 3rd period - Pat Maroon is hit by Josh Bailey and loses puck.
9:43 of 3rd period - Wrist shot by Brandon Saad.
9:43 of 3rd period - Stopped by Cam Talbot with a rebound.
10:15 of 3rd period - Luke Schenn is hit by Nick Bjugstad and loses puck.
10:26 of 3rd period - Slapshot by Cale Makar.
10:26 of 3rd period - Stopped by Cam Talbot with a rebound.
10:43 of 3rd period - Snap shot by Adam Henrique.
10:43 of 3rd period - Shot Misses the Net.
10:45 of 3rd period - Minor Penalty to Pat Maroon for Holding.
10:46 of 3rd period - Brandon Saad wins face-off versus Troy Terry in Nashville Predators zone.
11:03 of 3rd period - Snap shot by Brady Tkachuk.
11:03 of 3rd period - Shot Misses the Net.
12:45 of 3rd period - Penalty to Pat Maroon is over, Pat Maroon is back on ice.
12:58 of 3rd period - Nate Schmidt is hit by Nicolas Roy.
13:18 of 3rd period - Thomas Novak is hit by Trevor Zegras and loses puck.
13:29 of 3rd period - Wrist shot by Pat Maroon.
13:29 of 3rd period - Stopped by Cam Talbot without a rebound.
13:30 of 3rd period - Nicolas Roy wins face-off versus Loui Eriksson in Toronto Maple Leafs zone.
13:35 of 3rd period - Cale Makar is hit by Luke Schenn and loses puck.
14:01 of 3rd period - Slapshot by Cale Makar.
14:01 of 3rd period - Stopped by Cam Talbot with a rebound.
14:03 of 3rd period - Slapshot by Cale Makar.
14:03 of 3rd period - Shot Blocked by Mario Ferraro.
14:05 of 3rd period - Slapshot by Loui Eriksson.
14:05 of 3rd period - Stopped by Cam Talbot with a rebound.
14:19 of 3rd period - Snap shot by Pat Maroon.
14:19 of 3rd period - Stopped by Cam Talbot with a rebound.
14:21 of 3rd period - Slapshot by Justin Braun.
14:21 of 3rd period - Stopped by Cam Talbot with a rebound.
14:23 of 3rd period - Snap shot by Cale Makar.
14:23 of 3rd period - Shot Blocked by Dougie Hamilton.
14:25 of 3rd period - Snap shot by Pat Maroon.
14:25 of 3rd period - Stopped by Cam Talbot with a rebound.
14:27 of 3rd period - Snap shot by Pat Maroon.
14:27 of 3rd period - Stopped by Cam Talbot with a rebound.
14:39 of 3rd period - Slapshot by Cale Makar.
14:39 of 3rd period - Deflect By Loui Eriksson.
14:39 of 3rd period - Shot Blocked by Dougie Hamilton.
14:39 of 3rd period - Puck is out of play.
14:40 of 3rd period - Sam Bennett wins face-off versus Sam Gagner in Toronto Maple Leafs zone.
14:52 of 3rd period - Sam Bennett is hit by Sam Gagner and loses puck.
14:59 of 3rd period - Brandon Saad is hit by Sam Bennett and loses puck.
15:17 of 3rd period - Wrist shot by Craig Smith.
15:17 of 3rd period - Stopped by Anthony Stolarz without a rebound.
15:18 of 3rd period - Nolan Patrick wins face-off versus Scott Laughton in Nashville Predators zone.
15:18 of 3rd period - Nolan Patrick is hit by Scott Laughton.
16:06 of 3rd period - Jake Muzzin is hit by Andrew Mangiapane.
16:16 of 3rd period - Snap shot by Nolan Patrick.
16:16 of 3rd period - Stopped by Cam Talbot without a rebound.
16:17 of 3rd period - Scott Laughton wins face-off versus Thomas Novak in Toronto Maple Leafs zone.
16:33 of 3rd period - Minor Penalty to Nate Schmidt for Hooking.
16:34 of 3rd period - Sam Bennett wins face-off versus Brandon Saad in Nashville Predators zone.
16:56 of 3rd period - Minor Penalty to Justin Braun for High sticking.
16:57 of 3rd period - Sam Bennett wins face-off versus Brandon Saad in Nashville Predators zone.
17:42 of 3rd period - Cody Ceci is hit by Corey Perry and loses puck.
18:23 of 3rd period - Ryan Pulock is hit by Corey Perry and loses puck.
18:33 of 3rd period - Penalty to Nate Schmidt is over, Nate Schmidt is back on ice.
18:56 of 3rd period - Penalty to Justin Braun is over, Justin Braun is back on ice.
19:58 of 3rd period - Nick Bjugstad is hit by Pierre Engvall and loses puck.
Goals for this period are 0 for Nashville Predators vs 0 for Toronto Maple Leafs.
Shots for this period are 18 for Nashville Predators vs 10 for Toronto Maple Leafs.
Back to the Top